Map: Romanticide LE

Players

Cyan - Winner!

  • Race: Protoss Protoss
  • Spawn Location: 5:00

Scarlett

  • Race: Zerg Zerg
  • Spawn Location: 11:00

Event: IEM Katowice 2021

VOD

Have the link to the VOD?

Description

Time

  • Played on: Feb. 20, 2021, 9:14 a.m.
  • Length: 19:55

All games in this series

Show
View Real Time Build Order
Export as new Build Order

Cyan Protoss - Winner!

Build Orders: 1 Gate Expand, Oracle Opening 

Get SALT Encoding   

  12  0:00  Probe  
  13  0:12  Probe  
  14  0:20  Pylon  
  14  0:24  Probe  
  15  0:38  Probe (Chrono Boost)  
  15  0:40  Gateway  
  16  0:47  Probe (Chrono Boost)  
  16  0:49  Assimilator  
  17  0:52  Probe (Chrono Boost)  
  18  1:04  Probe  
  19  1:16  Probe  
  20  1:27  Nexus  
  20  1:36  Cybernetics Core  
  20  1:39  Probe  
  21  1:45  Assimilator  
  21  1:52  Probe  
  22  1:57  Pylon  
  22  2:04  Probe  
  23  2:13  Adept (Chrono Boost), Warp Gate  
  25  2:16  Probe (Chrono Boost)  
  26  2:25  Probe (Chrono Boost)  
  26  2:27  Stargate  
  27  2:31  Probe (Chrono Boost)  
  27  2:36  Stalker  
  30  2:40  Probe (Chrono Boost)  
  32  2:49  Probe x2 (Chrono Boost)  
  33  2:54  Probe (Chrono Boost)  
  33  2:55  Probe  
  35  2:59  Gateway  
  35  3:06  Probe  
  35  3:07  Probe  
  35  3:08  Oracle (Chrono Boost)  
  40  3:17  Pylon  
  40  3:18  Probe  
  40  3:19  Probe  
  42  3:24  Adept  
  44  3:30  Probe  
  44  3:32  Void Ray, Probe  
  50  3:42  Probe  
  50  3:44  Probe  
  52  3:54  Pylon, Probe  
  53  3:57  Probe  
  54  4:03  Nexus  
  54  4:12  Probe x2  
  54  4:14  Adept x2  
  60  4:19  Pylon  
  60  4:24  Probe x2  
  62  4:25  Pylon  
  62  4:28  Gateway  
  62  4:32  Gateway  
  62  4:36  Twilight Council  
  62  4:37  Probe  
  62  4:38  Probe  
  64  4:46  Pylon  
  64  4:49  Probe  
  66  4:52  Probe  
  66  4:54  Assimilator  
  66  4:55  Adept x2  
  66  4:56  Assimilator  
  70  5:01  Probe  
  70  5:05  Probe  
  70  5:06  Pylon  
  72  5:12  Resonating Glaives (Chrono Boost)  
  72  5:13  Probe (Chrono Boost)  
  73  5:19  Probe (Chrono Boost)  
  74  5:22  Probe (Chrono Boost)  
  74  5:25  Probe (Chrono Boost)  
  76  5:30  Adept x4, Probe (Chrono Boost)  
  76  5:31  Probe (Chrono Boost)  
  76  5:33  Assimilator  
  76  5:35  Assimilator, Probe (Chrono Boost)  
  86  5:38  Probe  
  86  5:41  Void Ray, Probe  
  89  5:45  Probe  
  89  5:48  Stargate  
  89  5:49  Pylon  
  94  5:51  Probe  
  94  5:55  Robotics Facility  
  95  5:59  Probe  
  96  6:04  Forge  
  96  6:07  Pylon  
  94  6:13  Probe  
  94  6:18  Void Ray, Probe  
  92  6:19  Probe  
  92  6:22  Shield Battery  
  98  6:25  Probe  
  98  6:27  Adept x2  
  98  6:28  Protoss Air Weapons Level 1  
  98  6:32  Probe  
  100  6:34  Probe  
  100  6:38  Probe  
  101  6:40  Pylon  
  101  6:42  Shield Battery  
  101  6:43  Observer  
  101  6:44  Probe  
  101  6:45  Robotics Bay  
  103  6:48  Charge  
  103  6:49  Void Ray, Robotics Facility  
  101  6:55  Void Ray  
  101  6:59  Probe  
  101  7:01  Probe  
  107  7:07  Gateway  
  107  7:08  Gateway  
  107  7:10  Immortal (Chrono Boost)  
  107  7:11  Protoss Ground Weapons Level 1 (Chrono Boost)  
  107  7:14  Shield Battery  
  111  7:20  Gateway  
  111  7:22  Gateway  
  111  7:26  Void Ray  
  111  7:29  Adept  
  113  7:34  Disruptor (Chrono Boost)  
  117  7:43  Pylon  
  112  7:45  Disruptor (Chrono Boost)  
  112  7:47  Pylon  
  110  7:51  Extended Thermal Lance  
  110  7:58  Photon Cannon  
  110  7:59  Pylon  
  110  8:01  Colossus (Chrono Boost)  
  116  8:12  Disruptor (Chrono Boost)  
  119  8:16  Nexus  
  119  8:19  Pylon  
  119  8:23  Pylon  
  116  8:28  Void Ray  
  116  8:29  Zealot x8  
  132  8:37  Colossus (Chrono Boost)  
  129  8:50  Colossus (Chrono Boost), Zealot  
  129  8:51  Zealot x7  
  139  9:08  Protoss Ground Weapons Level 2 (Chrono Boost)  
  126  9:10  Nexus  
  126  9:13  Pylon  
  120  9:21  Colossus (Chrono Boost)  
  126  9:34  Templar Archives  
  126  9:36  Disruptor (Chrono Boost)  
  129  9:38  Photon Cannon  
  129  9:40  Sentry, Photon Cannon  
  129  9:41  Shield Battery  
  129  9:45  Zealot x4  
  139  10:02  Sentry, Observer (Chrono Boost)  
  139  10:04  Warp Prism (Chrono Boost)  
  144  10:08  Photon Cannon  
  144  10:11  Zealot, High Templar x2  
  144  10:12  Zealot x4  
  158  10:18  Archon  
  158  10:25  Probe x4  
  158  10:27  Assimilator  
  162  10:32  Assimilator, Gateway  
  162  10:33  High Templar x2  
  162  10:34  Zealot  
  168  10:35  Gateway  
  168  10:40  Archon  
  168  10:42  Zealot x3  
  174  10:55  High Templar  
  174  10:56  High Templar x2  
  175  11:01  Archon  
  175  11:02  Zealot x2, High Templar  
  181  11:07  Archon, Zealot x2  
  173  11:20  Nexus  
  133  11:27  Zealot x2, Protoss Ground Weapons Level 3 (Chrono Boost)  
  133  11:28  Zealot x4  
  133  11:29  Zealot x2  
  133  11:32  Pylon  
  139  11:42  Zealot x2  
  136  11:48  Zealot x3  
  136  11:49  Zealot  
  144  11:56  High Templar x4  
  142  12:02  Archon  
  142  12:05  Archon, High Templar x2  
  140  12:08  Gateway  
  140  12:10  High Templar  
  140  12:11  High Templar  
  140  12:12  Archon  
  140  12:13  Gateway  
  140  12:14  Psionic Storm  
  140  12:15  Archon  
  144  12:18  Photon Cannon, Probe x3  
  144  12:19  Photon Cannon  
  144  12:20  Zealot x2  
  144  12:22  Assimilator  
  151  12:25  Assimilator  
  151  12:33  Zealot x4  
  151  12:36  Gravitic Drive (Chrono Boost)  
  159  12:42  High Templar x2  
  159  12:43  High Templar  
  165  12:50  Probe x3  
  168  12:53  Zealot x4  
  176  13:00  High Templar x2  
  176  13:01  High Templar  
  176  13:03  Observer (Chrono Boost)  
  177  13:17  Immortal (Chrono Boost)  
  181  13:23  Immortal (Chrono Boost)  
  181  13:34  High Templar x2  
  181  13:36  Gravitic Boosters  
  181  13:38  Archon  
  181  13:42  Photon Cannon  
  181  13:43  High Templar x2  
  181  13:48  Immortal (Chrono Boost)  
  189  13:49  Immortal (Chrono Boost)  
  189  13:55  Photon Cannon  
  193  13:57  Shield Battery  
  193  14:00  Pylon  
  193  14:10  Protoss Shields Level 1 (Chrono Boost)  
  193  14:19  Zealot x2  
  193  14:20  Zealot x4  
  179  14:31  Disruptor  
  179  14:32  Zealot x2  
  179  14:33  Zealot x3  
  178  14:50  Zealot x7  
  178  14:52  Dark Shrine  
  174  15:13  Colossus (Chrono Boost), Zealot x9  
  186  15:15  Colossus (Chrono Boost)  
  182  15:35  Zealot  
  182  15:36  Zealot x6  
  190  15:59  Zealot  
  190  16:00  Zealot x6  
  190  16:19  Protoss Shields Level 2 (Chrono Boost), High Templar  
  190  16:20  High Templar x5  
  200  16:27  Archon x2  
  195  16:38  Stargate  
  195  16:39  Stargate  
  187  16:41  Cybernetics Core  
  187  16:42  Fleet Beacon  
  187  16:43  Shadow Stride (Chrono Boost)  
  187  16:46  Zealot x4  
  195  16:47  Zealot x2  
  195  16:51  Warp Prism (Chrono Boost)  
  199  16:56  Observer (Chrono Boost)  
  184  17:17  Observer (Chrono Boost)  
  184  17:18  Dark Templar x5  
  191  17:23  Nexus  
  191  17:24  Pylon  
  187  17:32  Protoss Air Armor Level 1 (Chrono Boost)  
  187  17:33  Flux Vanes  
  187  17:35  Protoss Air Weapons Level 2 (Chrono Boost)  
  178  17:51  High Templar x3  
  178  17:52  High Templar x8  
  178  17:56  Archon x3  
  199  17:59  Archon  
  199  18:04  Photon Cannon  
  199  18:05  Photon Cannon  
  199  18:07  Photon Cannon  
  199  18:09  Shield Battery  
  199  18:12  Shield Battery  
  193  18:15  Pylon  
  193  18:17  Pylon  
  191  18:32  Oracle x2  
  193  18:39  Unknown  
  193  18:40  Forge  
  193  18:41  Observer  
  193  18:42  Zealot, Photon Cannon  
  186  19:28  Dark Templar x4  
  194  19:35  Zealot x3  
  200  19:43  Archon x2  
  200  19:44  Zealot  
  200  19:45  Zealot x4  
Show
View Real Time Build Order
Export as new Build Order

Scarlett Zerg 

Build Orders: Hatch First, Lurkers, Roach Hydra 

Get SALT Encoding   

  12  0:00  Drone  
  13  0:12  Overlord  
  13  0:17  Drone  
  14  0:31  Drone x2  
  16  0:44  Drone  
  17  0:51  Hatchery  
  17  0:55  Drone  
  17  0:58  Drone  
  18  1:09  Extractor  
  17  1:13  Spawning Pool  
  17  1:16  Drone  
  17  1:20  Drone  
  18  1:28  Drone  
  19  1:38  Drone  
  20  1:49  Overlord  
  20  1:59  Queen  
  22  2:02  Queen  
  22  2:03  Drone  
  22  2:04  Zergling x2  
  26  2:11  Drone  
  27  2:16  Drone  
  27  2:17  Metabolic Boost  
  28  2:23  Drone  
  29  2:31  Drone  
  29  2:34  Hatchery  
  29  2:38  Drone  
  29  2:41  Zergling x2  
  31  2:46  Overlord  
  31  2:47  Drone  
  32  2:54  Drone  
  32  2:55  Queen  
  35  2:58  Drone  
  35  3:05  Drone  
  37  3:08  Drone x4  
  37  3:11  Drone x2  
  43  3:14  Overlord  
  43  3:19  Drone  
  44  3:29  Overlord  
  44  3:32  Queen  
  46  3:34  Drone x2  
  46  3:40  Drone  
  49  3:42  Drone x3  
  49  3:48  Queen  
  54  3:50  Spore Crawler  
  53  3:56  Overlord, Queen  
  53  3:57  Drone x2  
  57  4:06  Overlord, Drone x3  
  60  4:14  Lair  
  60  4:18  Roach Warren  
  60  4:19  Drone x5  
  60  4:22  Drone x2  
  66  4:24  Zergling x2  
  66  4:25  Zergling x2  
  66  4:27  Overlord  
  66  4:31  Zergling x6  
  69  4:37  Extractor  
  69  4:38  Extractor, Drone x4  
  74  4:41  Overlord, Extractor  
  72  4:52  Zergling x6  
  75  4:53  Drone x4  
  75  4:55  Spore Crawler  
  75  4:58  Overlord  
  78  5:05  Drone x3  
  78  5:06  Spore Crawler  
  80  5:15  Overlord, Drone  
  80  5:16  Overlord  
  80  5:17  Glial Reconstitution  
  80  5:18  Extractor, Drone  
  80  5:19  Drone x3  
  80  5:20  Extractor  
  83  5:32  Zergling x8  
  83  5:33  Zergling x6  
  83  5:35  Overlord  
  89  5:44  Overlord  
  89  5:45  Roach x5  
  99  5:51  Overlord  
  99  6:00  Overlord  
  99  6:02  Roach x7  
  113  6:07  Drone x2  
  114  6:15  Overseer  
  114  6:18  Roach x5  
  124  6:21  Overlord  
  123  6:35  Drone x3  
  124  6:40  Drone x10  
  124  6:41  Hydralisk Den  
  132  7:06  Evolution Chamber  
  132  7:08  Hatchery  
  130  7:13  Hydralisk x7  
  130  7:14  Grooved Spines  
  144  7:15  Overlord x4  
  144  7:17  Overlord x2  
  144  7:37  Hydralisk x14  
  172  7:47  Zerg Missile Weapons Level 1  
  172  7:52  Hydralisk x5  
  182  8:02  Hydralisk x5  
  192  8:20  Hydralisk x3  
  192  8:21  Zergling x2  
  192  8:25  Muscular Augments  
  192  8:27  Hydralisk x7  
  180  8:44  Hydralisk x7  
  173  8:56  Infestation Pit  
  173  8:57  Zergling x2, Extractor x2  
  173  8:58  Zergling x16  
  166  9:05  Drone  
  166  9:06  Drone  
  131  9:20  Drone  
  131  9:21  Hydralisk x8  
  140  9:32  Hatchery  
  140  9:33  Hive  
  139  9:41  Overseer, Overlord  
  138  9:46  Roach x4  
  138  9:48  Roach x4  
  154  9:56  Drone x2  
  154  9:59  Drone x7  
  167  10:00  Drone x4  
  167  10:05  Evolution Chamber  
  167  10:06  Evolution Chamber  
  165  10:15  Overseer  
  165  10:22  Hydralisk x3  
  165  10:23  Hydralisk x5  
  179  10:30  Lurker Den  
  179  10:32  Unknown  
  177  10:37  Drone  
  177  10:38  Drone x2  
  177  10:39  Zerg Missile Weapons Level 2  
  177  10:40  Zerg Ground Armor Level 1  
  177  10:41  Hydralisk x4  
  177  10:42  Zergling x6  
  191  10:45  Hatchery  
  186  10:50  Viper  
  186  10:55  Viper  
  186  10:57  Zergling x12  
  194  11:05  Spine Crawler  
  194  11:06  Spine Crawler  
  194  11:10  Spine Crawler  
  175  11:23  Hydralisk x6  
  175  11:24  Zergling x10  
  167  11:31  Hydralisk x5  
  167  11:32  Zergling x2, Roach  
  164  11:33  Roach  
  149  11:43  Hydralisk x6  
  149  11:44  Zergling x2  
  149  11:47  Hydralisk x2  
  149  11:54  Roach x2  
  147  12:02  Hydralisk x3  
  147  12:04  Viper  
  147  12:07  Viper  
  149  12:13  Roach x3  
  155  12:17  Viper  
  155  12:22  Roach x5  
  168  12:25  Roach  
  170  12:39  Roach x9  
  170  12:40  Overlord  
  170  12:42  Overlord  
  188  12:46  Ravager x2  
  190  12:53  Hatchery  
  190  12:55  Spine Crawler  
  190  12:56  Extractor  
  187  13:03  Hydralisk  
  187  13:04  Hydralisk x5  
  198  13:26  Seismic Spines  
  198  13:34  Spine Crawler  
  198  13:36  Lurker x2  
  198  13:37  Spore Crawler  
  198  13:38  Lurker x2  
  198  13:40  Zerg Ground Armor Level 2, Zerg Missile Weapons Level 3  
  200  13:42  Spine Crawler x2  
  200  13:43  Spine Crawler  
  200  13:44  Spine Crawler  
  196  13:55  Drone  
  197  13:56  Spire  
  197  13:57  Drone  
  197  13:58  Drone x2  
  197  14:02  Lurker  
  200  14:10  Overseer x3  
  200  14:12  Pneumatized Carapace  
  190  14:34  Spawning Pool  
  187  14:38  Lurker x6  
  187  14:39  Lurker  
  178  14:51  Viper, Drone x4  
  182  14:56  Lurker x2  
  174  15:13  Zerg Flyer Weapons Level 1  
  145  15:18  Hatchery  
  144  15:24  Hydralisk x8  
  159  15:46  Hatchery  
  156  15:58  Drone x9  
  156  15:59  Queen x3  
  165  16:13  Unknown  
  158  16:21  Zerg Ground Armor Level 3  
  149  16:34  Queen  
  149  16:35  Queen  
  149  16:38  Drone x2  
  153  16:43  Drone x5  
  158  16:53  Hatchery  
  153  17:01  Drone x2  
  153  17:04  Spore Crawler  
  153  17:05  Spine Crawler  
  153  17:08  Zergling x12, Spine Crawler  
  148  17:17  Drone  
  148  17:18  Drone x2  
  148  17:27  Extractor  
  147  17:32  Unknown  
  146  17:51  Zerg Melee Weapons Level 1  
  144  18:03  Spine Crawler  
  143  18:12  Adaptive Talons  
  143  18:15  Hydralisk x11  
  143  18:16  Hydralisk x2  
  168  18:43  Hatchery  
  165  18:50  Overseer  
  165  19:03  Hydralisk x9  
  167  19:22  Overlord x4  
  155  19:36  Overlord x2  

Tags
 
Add a new tag
Caveats
  • Supply blocks, unpowered buildings, or Contaminate may cause inaccurate times.
  • Supply counts are checked every 10 seconds.